Map: Disco Bloodbath LE

Players

Djorn - Winner!

  • Race: Protoss Protoss
  • Spawn Location: 9:00

VOD

Have the link to the VOD?

Description

Time

  • Played on: Aug. 20, 2019, 8:07 p.m.
  • Length: 14:09
Show
View Real Time Build Order
Export as new Build Order

Djorn Protoss - Winner!

Build Orders:  

Get SALT Encoding   

  12  0:05  Probe (Chrono Boost)  
  13  0:22  Probe (Chrono Boost)  
  14  0:34  Pylon  
  14  0:43  Probe (Chrono Boost)  
  15  0:57  Probe (Chrono Boost)  
  16  1:10  Assimilator  
  16  1:29  Gateway  
  16  1:50  Nexus  
  16  2:06  Probe (Chrono Boost)  
  17  2:17  Probe (Chrono Boost)  
  18  2:30  Probe (Chrono Boost)  
  18  2:39  Cybernetics Core  
  19  2:47  Probe (Chrono Boost)  
  19  2:49  Pylon  
  20  2:59  Probe (Chrono Boost)  
  21  3:10  Probe (Chrono Boost)  
  22  3:24  Probe (Chrono Boost)  
  23  3:41  Probe (Chrono Boost)  
  23  3:42  Pylon  
  24  3:52  Probe (Chrono Boost)  
  24  3:59  Pylon  
  25  4:05  Probe (Chrono Boost)  
  28  4:22  Probe (Chrono Boost)  
  29  4:39  Probe (Chrono Boost), Assimilator  
  30  4:43  Probe (Chrono Boost)  
  30  4:47  Unknown  
  33  4:50  Warp Gate  
  33  4:56  Probe (Chrono Boost)  
  35  5:00  Probe (Chrono Boost)  
  35  5:10  Robotics Facility  
  35  5:13  Probe (Chrono Boost)  
  35  5:17  Probe (Chrono Boost)  
  37  5:29  Unknown  
  38  5:30  Probe (Chrono Boost)  
  38  5:34  Probe (Chrono Boost)  
  39  5:44  Gateway  
  39  5:47  Gateway  
  39  5:51  Gateway  
  39  6:04  Immortal  
  43  6:33  Zealot  
  45  6:47  Immortal  
  45  6:57  Probe (Chrono Boost)  
  50  7:11  Pylon  
  50  7:14  Pylon, Probe (Chrono Boost)  
  51  7:28  Zealot  
  51  7:29  Warp Prism  
  54  7:31  Probe (Chrono Boost)  
  54  7:48  Probe (Chrono Boost)  
  57  8:16  Immortal  
  61  8:33  Gateway  
  61  8:34  Gateway  
  61  8:46  Zealot  
  61  8:47  Zealot x2  
  65  9:11  Immortal, Pylon  
  65  9:18  Pylon  
  70  9:22  Probe (Chrono Boost)  
  70  9:32  Pylon  
  70  9:39  Probe (Chrono Boost)  
  71  9:56  Probe (Chrono Boost)  
  72  10:25  Warp Prism  
  74  10:48  Twilight Council  
  74  10:59  Stargate  
  74  11:15  Immortal  
  78  11:29  Zealot  
  80  11:30  Zealot x2  
  80  11:31  Zealot x2  
  80  11:32  Zealot  
  84  12:02  Zealot x2  
  84  12:03  Zealot x2  
  92  12:10  Immortal  
  94  12:36  Stalker x3  
  94  12:37  Stalker  
Tags
 
Add a new tag
Caveats
  • Supply blocks, unpowered buildings, or Contaminate may cause inaccurate times.
  • Supply counts are checked every 10 seconds.